 Dungeon Crawl Stone Soup version 0.16-a0-3476-g5f3739d (webtiles) character file.

538 superterranean the Grappler (level 7, -3/66 HPs)
             Began as a Troll Monk on Jan 3, 2015.
             Was a Follower of Pakellas.
             Slain by a killer bee (4 damage)
             ... on level 4 of the Dungeon.
             The game lasted 00:12:58 (3317 turns).

superterranean the Grappler (Troll Monk)            Turns: 3317, Time: 00:12:58

Health: -3/66      AC:  5    Str: 20    XL:     7   Next: 5%
Magic:  5/5        EV: 16    Int: 13    God:    Pakellas [*.....]
Gold:   386        SH:  0    Dex: 17    Spells: 0 memorised, 6 levels left

rFire  + . .     SeeInvis .       - Unarmed
rCold  . . .     Clarity  .     a - +0 robe
rNeg   . . .     SustAb   .     (shield restricted)
rPois  .         Gourm    +     (helmet restricted)
rElec  .         Spirit   .     (no cloak)
rCorr  .         Warding  .     (gloves unavailable)
rMut   .         Stasis   .     (boots unavailable)
MR     +....                    (no amulet)
Stlth  +++.......               w - ring of protection from fire
                                t - ring of protection from magic

@: brilliant, agile, lethally poisoned, hasted, very quick, somewhat resistant
to hostile enchantments, fairly stealthy
A: unfitting armour, claws 3, fast metabolism 3, gourmand, regeneration 2,
shaggy fur 1, tough skin 2
a: Minor Device Surge, Renounce Religion


You were on level 4 of the Dungeon.
You worshipped Pakellas.
Pakellas was aware of your devotion.
You were completely stuffed.

You visited 1 branch of the dungeon, and saw 5 of its levels.

You collected 386 gold pieces.

Inventory:

Armour
 a - a +0 robe (worn)
Jewellery
 t - a ring of protection from magic (left claw)
 w - a ring of protection from fire (right claw)
 y - an uncursed ring of teleportation
Magical devices
 u - a wand of heal wounds (1)
Scrolls
 d - 8 scrolls of identify
 f - a scroll of blinking {unknown}
 h - a scroll of vulnerability {unknown}
 i - 2 scrolls of noise {unknown}
 j - 3 scrolls of remove curse
 k - a scroll of fear {unknown}
 l - 2 scrolls of amnesia {unknown}
 o - a scroll of random uselessness {unknown}
 s - 2 scrolls of enchant weapon {unknown}
 z - a scroll of teleportation {unknown}
Potions
 c - a potion of might {unknown}
 n - a potion of ambrosia
 q - a potion of brilliance
 x - a potion of restore abilities {unknown}
 A - a potion of magic {unknown}
Comestibles
 b - 7 meat rations
 g - 4 bread rations
 m - 2 fruits
 v - a beef jerky


   Skills:
 - Level 2.4 Fighting
 - Level 2.4 Dodging
 - Level 1.1 Stealth
 * Level 8.0 Unarmed Combat
 + Level 2.1 Evocations


You had 6 spell levels left.
You didn't know any spells.

Dungeon Overview and Level Annotations

Branches:
Dungeon (5/15)
 Temple: D:4-7

Altars:
Pakellas


Innate Abilities, Weirdness & Mutations

You are too large for most types of armour.
You have claws for hands.
Your metabolism is lightning-fast.
You like to eat raw meat.
You heal very quickly.
You are covered in fur (AC +1).
You have very tough skin (AC +2).


Message History

The killer bee poisons you! The killer bee stings you.
* * * LOW HITPOINT WARNING * * *
The killer bee closely misses you.
Drink which item? (? for menu, Esc to quit)
It was a potion of agility.
You feel agile all of a sudden.
You feel sick. The killer bee completely misses you. The killer bee stings you!
* * * LOW HITPOINT WARNING * * *
The killer bee barely misses you. x2
Drink which item? (? for menu, Esc to quit)
You feel better. The killer bee barely misses you.
The killer bee barely misses you. The killer bee stings you!
* * * LOW HITPOINT WARNING * * *
You are lethally poisoned!
The killer bee poisons you! The killer bee barely misses you.
Drink which item? (? for menu, Esc to quit)
It was a potion of haste.
You feel yourself speed up.
* * * LOW HITPOINT WARNING * * *
You feel sick. The killer bee stings you.
You die...

##...## #.# #.## ##### ##.#
#.#. #####..# #...
##......####...
#........##....
#############...........#†#
##.....##..............###..
##..........[...............#
#..........y@...........###..
#..........y......##..### ###
#....................##
#.............<..#####
#................#
#................#
##.........[....##
##.....##.....##
##############


You could see 2 killer bees.

Vanquished Creatures
  An ogre (D:5)
  A crimson imp (D:5)
  The ghost of LogicNinja the Sneak, a weakling VSAs (D:3)
  A giant frog skeleton (D:4)
  A hound (D:5)
  4 worker ants
  Ijyb (D:2)
  A hound zombie (D:5)
  4 gnolls
  8 adders
  2 worms
  2 giant geckos (D:4)
  An ooze (D:3)
  7 orcs (D:3)
  7 bats
  2 bat skeletons
  4 goblins
  7 hobgoblins
  5 jackals
  10 kobolds
  3 quokkas
  4 ball pythons
  3 giant cockroaches
  A giant newt (D:2)
  A quokka zombie (D:5)
  10 rats
  14 plants (D:2)
106 creatures vanquished.

Notes
Turn   | Place    | Note
--------------------------------------------------------------
     0 | D:1      | superterranean, the Troll Monk, began the quest for the Orb.
     0 | D:1      | Reached XP level 1. HP: 22/22 MP: 1/1
    33 | D:1      | Reached XP level 2. HP: 22/29 MP: 1/1
   158 | D:1      | You fall through a shaft!
   158 | D:2      | Noticed Ijyb
   159 | D:2      | THANKS FLOORGOD
   162 | D:2      | Killed Ijyb
   162 | D:2      | Reached skill level 5 in Unarmed Combat
   162 | D:2      | Reached XP level 3. HP: 31/36 MP: 2/2
   600 | D:2      | Reached XP level 4. HP: 44/44 MP: 2/2
   701 | D:2      | Reached skill level 6 in Unarmed Combat
  1748 | D:3      | Reached XP level 5. HP: 50/50 MP: 2/2
  1920 | D:3      | Noticed LogicNinja's ghost (weakling VSAs)
  1923 | D:3      | Killed LogicNinja's ghost
  2111 | D:3      | Reached skill level 7 in Unarmed Combat
  2133 | D:3      | woop
  2490 | D:4      | Reached XP level 6. HP: 46/59 MP: 3/3
  2721 | D:4      | Reached skill level 1 in Evocations
  2846 | D:5      | Entered Level 5 of the Dungeon
  2997 | D:5      | Found an oddly glowing altar of Pakellas.
  3006 | D:5      | Became a worshipper of Pakellas the Inventive
  3006 | D:5      | Acquired Pakellas' first power
  3006 | D:5      | Acquired Pakellas' second power
  3281 | D:5      | Reached skill level 8 in Unarmed Combat
  3281 | D:5      | Reached XP level 7. HP: 62/66 MP: 5/5
  3312 | D:4      | HP: 3/66 [killer bee (4)]
  3316 | D:4      | HP: 1/66 [killer bee (9)]
  3317 | D:4      | Slain by a killer bee

Action                   |  1- 3 |  4- 6 |  7- 9 || total
-------------------------+-------+-------+-------++-------
Melee: Unarmed           |    37 |   374 |     7 ||   418
Invok: Minor Device Surg |       |       |     1 ||     1
Evoke: Wand              |       |       |     3 ||     3
  Use: Scroll            |       |     2 |       ||     2
       Potion            |       |       |     8 ||     8
  Eat: Chunk             |     8 |    28 |       ||    36
